 Dungeon Sprint DCSS version 0.30-a0-371-gad7725a93e (webtiles) character file.

Game seed: 11143833703228269567

464062 Kingsmith the Conqueror (level 21, -6/146 HPs)
             Began as a Gargoyle Fighter on Nov 21, 2022.
             Was the Champion of the Shining One.
             Killed from afar by a hellion (20 damage)
             ... with damnation
             ... summoned by Asmodeus
             ... in the Dungeon (Sprint IX: "|||||||||||||||||||||||||||||").
             The game lasted 00:48:05 (22759 turns).

Kingsmith the Conqueror (Gargoyle Fighter)         Turns: 22759, Time: 00:48:05

Health: -6/146     AC: 57    Str: 42      XL:     21   Next: 8%
Magic:  24/38      EV: 20    Int:  5 (8)  God:    the Shining One [******]
Gold:   864        SH: 42    Dex: 12 (14) Spells: 20/20 levels left

rFire   + . .      SeeInvis +    o - +9 sacred scourge (holy)
rCold   . . .      Faith    .    l - +1 tower shield {AC+3}
rNeg    + + +      Spirit   .    C - +8 plate armour {rF+}
rPois   ∞          Reflect  .    i - +2 hat
rElec   +          Harm     .    H - +0 cloak of Hairiness {-Cast rN++ rCorr}
rCorr   +          Rampage  .    m - +0 pair of gloves
Will    ++...      NoTele   +    a - +0 pair of boots
Stlth   ++........ NoCast   +    s - amulet of regeneration
HPRegen 1.24/turn                e - ring of the Three Knaves {+Blink Will+ Str+6 Dex+3}
MPRegen 0.26/turn                y - ring of see invisible

@: divinely shielded, flying, glowing
A: sickness immunity, AC +16, big wings, negative energy resistance 1,
electricity resistance, torment resistance 1, petrification resistance, agile 1,
frail 1, strong 2
}: 9/17 runes: decaying, serpentine, barnacled, slimy, elven, silver, golden,
abyssal, gossamer
a: Renounce Religion, Evoke Blink, Divine Shield, Cleansing Flame, Summon Divine
Warrior


You were in the Dungeon.
You worshipped the Shining One.
The Shining One was exalted by your worship.
You visited 1 branch You collected 2005 gold pieces.
You spent 1141 gold pieces at shops.

Inventory:

Hand Weapons
 o - a +9 sacred scourge of holy wrath (weapon)
Armour
 a - a +0 pair of boots (worn)
 i - a +2 hat (worn)
 l - a +1 tower shield of protection (worn)
 m - a +0 pair of gloves (worn)
 C - a +8 plate armour of fire resistance (worn)
 H - the +0 cloak of Hairiness (worn) {-Cast rN++ rCorr}
   (You found it in the Dungeon)

   rN:        It greatly protects you from negative energy.
   -Cast:     It prevents spellcasting.
   rCorr:     It protects you from acid and corrosion.
Jewellery
 e - the ring of the Three Knaves (left hand) {+Blink Will+ Str+6 Dex+3}
   (You found it in the Dungeon)

   [ring of strength]

   Str:       It affects your strength (+6).
   Dex:       It affects your dexterity (+3).
   +Blink:    It lets you blink.
   Will:      It increases your willpower.
 s - an amulet of regeneration (around neck)
 y - a ring of see invisible (right hand)
 z - a ring of protection from cold
Wands
 c - a wand of charming (8)
 k - a wand of roots (18)
Scrolls
 j - 3 scrolls of blinking
 r - a scroll of poison
 t - 7 scrolls of fear
 u - 6 scrolls of butterflies
 x - 4 scrolls of enchant armour
Potions
 b - 3 potions of brilliance
 d - 5 potions of might
 f - 5 potions of heal wounds
 g - 10 potions of curing
 h - 5 potions of magic
 n - 5 potions of mutation
 p - 6 potions of haste
 q - 3 potions of berserk rage


   Skills:
 O Level 27 Fighting
 O Level 27 Maces & Flails
 O Level 27 Polearms
 O Level 27 Armour
 O Level 27 Dodging
 O Level 27 Stealth
 O Level 27 Shields
 + Level 15.0 Unarmed Combat
 O Level 27 Invocations
 - Level 10.0 Evocations


You had 20 spell levels left.
You didn't know any spells.
Your spell library was empty.

Dungeon Overview and Level Annotations

Branches:
Dungeon (1/1)

Altars:
Cheibriados
Dithmenos
Elyvilon
Fedhas
Gozag
Hepliaklqana
Kikubaaqudgha
Makhleb
Nemelex Xobeh
Okawaru
Qazlal
Ru
Sif Muna
Trog
Uskayaw
Vehumet
Wu Jian
Xom
Yredelemnul
Zin
The Shining One
Jiyva
Lugonu

Shops:
D =[:[

Annotations:
D Asmodeus, Dispater, Gloorx Vloq


Innate Abilities, Weirdness & Mutations

You are immune to sickness and miasma.
Your stone body is resilient. (AC +16)
You are immune to poison.
Your large and strong wings let you fly.
You resist negative energy. (rN+)
You are resistant to electric shocks. (rElec)
You are resistant to unholy torment.
You are immune to petrification.
You are agile. (Dex +4, Str/Int -1)
You are frail. (-10% HP)
Your muscles are very strong. (Str +8, Int/Dex -2)


Message History

The damnation engulfs Dispater.
Dispater completely resists.
Dispater gestures at you.
The sphere of damnation explodes!
The damnation engulfs you!!
The damnation engulfs Dispater.
Dispater completely resists.
Unknown command.
Activating: Cleansing Flame (0% risk of failure)
Press: ? - help, Dir - look around, f - activate The golden flame engulfs you but does no damage.
The golden flame engulfs Dispater!!!
Dispater writhes in agony!
Dispater is moderately wounded.
The golden flame engulfs the hellion!
The hellion writhes in agony!
The hellion is heavily wounded.
Something skitters faintly, "Get thee gone, thou errant dread-bolted giglet!"
Gloorx Vloq gestures.
The hellion gestures at you.
The sphere of damnation explodes!
The damnation engulfs you!!
The damnation engulfs Dispater.
Dispater completely resists.
The hellion gestures at you.
The sphere of damnation explodes!
The damnation engulfs you!!
* * * LOW HITPOINT WARNING * * *
The damnation engulfs Dispater.
Dispater completely resists.
You block Dispater's attack.
You blink.
Asmodeus gestures.
You are still too unstable to blink.
The hellion gestures at you.
The sphere of damnation explodes!
The damnation engulfs you!!
* * * LOW HITPOINT WARNING * * *
Dispater gestures.
You feel much better.
You feel stable enough to blink again.
Okay, then.
You are momentarily dazzled by a brilliant light.
The Hell Sentinel gestures at you.
The sphere of damnation explodes!
The damnation engulfs you!!
* * * LOW HITPOINT WARNING * * *
The damnation engulfs your angel!!
You swap places.
The hellion gestures at you.
The sphere of damnation explodes!
The damnation engulfs you!!
You die...

[▓.▓.▓.▓.▓.▓.▓.▓2▓
)▓.▓.▓.▓.▓.▓.▓.▓&▓
)▓.▓.▓.▓.▓.▓.▓.▓2▓
.▓.▓.▓.▓.▓.▓.▓.▓}▓
'▓.▓.▓.▓.▓.▓.▓.▓&▓
.▓.▓.▓.▓'▓.▓.▓.▓1▓
)▓.▓.▓.▓.▓.▓.▓.▓A▓
)▓.▓.▓.▓.▓.▓.▓.▓.▓
.▓.▓.▓.▓.▓.▓'▓.▓@▓
[▓.▓.▓.▓.▓.▓.▓.▓.▓
.▓.▓.▓.▓.▓.▓.▓.▓.▓
)▓.▓)▓.▓.▓.▓.▓.▓.▓
)▓.▓'▓.▓.▓.▓.▓.▓.▓
'▓.▓)▓.▓)▓.▓.▓.▓.▓
.▓.▓)▓.▓)▓.▓.▓.▓.▓
.▓.▓.▓.▓)▓.▓.▓.▓.▓
.▓.▓'▓.▓)▓.▓.▓.▓.▓


You could see Asmodeus (clouds), Dispater, a Hell Sentinel (summoned, ally
target), a hellion (summoned) and a friendly angel (summoned).

Vanquished Creatures
  the Royal Jelly (D)
  3 ancient liches (D)
  5 orbs of fire (D)
  Mara (D)
  Mennas (D)
  5 royal mummies (D)
  Sojobo (D)
  Frederick (D)
  Margery (D)
  3 curse toes (D)
  Geryon (D)
  Xtahua (D)
  A bone dragon (D)
  Jory (D)
  5 golden dragons (D)
  An electric golem (D)
  28 Orb Guardians (D)
  A tentacled monstrosity (D)
  3 liches (D)
  A quicksilver dragon (D)
  3 deep elf blademasters (D)
  2 deep elf master archers (D)
  5 acid blobs (D)
  2 death cobs (D)
  14 sphinxes (D)
  5 tengu reavers (D)
  Agnes (D)
  5 shadow dragons (D)
  5 storm dragons (D)
  A draconian monk (D)
  5 azure jellies (D)
  3 emperor scorpions (D)
  3 rockslimes (D)
  6 nagarajas (D)
  Ilsuiw (D)
  3 frost giants (D)
  3 vault wardens (D)
  4 fire giants (D)
  3 draconian scorchers (D)
  3 deep elf sorcerers (D)
  Aizul (D)
  A draconian stormcaller (D)
  5 draconian shifters (D)
  7 ghost moths (D)
  An orc warlord (D)
  A draconian annihilator (D)
  4 ironbound preservers (D)
  7 quicksilver oozes (D)
  2 very ugly things (D)
  A war gargoyle (D)
  5 stone giants (D)
  7 vampire knights (D)
  Azrael (D)
  3 deep elf demonologists (D)
  2 eleionomae (D)
  2 ironbound thunderhulks (D)
  5 black draconians (D)
  3 dire elephants (D)
  3 green draconians (D)
  2 yellow draconians (D)
  2 white draconians (D)
  3 deep elf annihilators (D)
  2 purple draconians (D)
  A deep elf high priest (D)
  2 merfolk javelineers (D)
  2 ettins (D)
  2 great orbs of eyes (D)
  6 merfolk impalers (D)
  7 fire dragons (D)
  2 mummy priests (D)
  A yaktaur captain (D)
  Erolcha (D)
  25 vault guards (D)
  7 hydras (D)
  2 ice dragons (D)
  3 ogre magi (D)
  A merfolk avatar (D)
  2 anacondas (D)
  3 rakshasas (D)
  Erica (D)
  An ironbound frostheart (D)
  A boulder beetle (D)
  3 merfolk aquamancers (D)
  4 alligators (D)
  2 deep troll shamans (D)
  A two-headed ogre (D)
  6 naga warriors (D)
  4 death yaks (D)
  An orc high priest (D)
  2 spriggan berserkers (D)
  2 deep troll earth magi (D)
  4 tengu warriors (D)
  A vampire mage (D)
  3 hell knights (D)
  A naga sharpshooter (D)
  4 sea snakes (D)
  3 deep trolls (D)
  A glowing orange brain (D)
  3 ironbound convokers (D)
  A steelbarb worm (D)
  A bog body (D)
  A wizard (D)
  7 swamp dragons (D)
  A swamp dragon (shapeshifter) (D)
  2 phantasmal warriors (D)
  An orb spider (D)
  A harpy (D)
  An orc knight (D)
  A deep elf pyromancer (D)
  A mana viper (D)
  3 necromancers (D)
  2 ugly things (D)
  A will-o-the-wisp (D)
  A wolf spider (shapeshifter) (D)
  A cyclops (D)
  3 wolf spiders (D)
  3 manticores (D)
  A black mamba (D)
  13 moths of wrath (D)
  Maurice (D)
  An elephant (D)
  2 guardian serpents (D)
  A torpor snail (D)
  A cane toad (D)
  2 naga magi (D)
  A demonic crawler (D)
  Psyche (D)
  2 yaktaurs (D)
  An efreet (D)
  3 komodo dragons (D)
  A freezing wraith (D)
  21 guardian mummies (D)
  A wandering mushroom (D)
  3 merfolk (D)
  6 trolls (D)
  A meliai (shapeshifter) (D)
  A polar bear (D)
  A slime creature (D)
  2 tarantellas (D)
  3 blink frogs (D)
  A wyvern (D)
  3 fire elementals (D)
  11 spriggans (D)
  2 steam dragons (D)
  8 yaks (D)
  2 basilisks (D)
  2 golden eyes (D)
  A chaos spawn (D)
  2 redbacks (D)
  A vampire mosquito (D)
  A naga (D)
  2 water moccasins (D)
  3 hell hounds (D)
  2 floating eyes (D)
  4 small abominations (D)
  10 orc warriors (D)
  2 bullfrogs (D)
  A killer bee (D)
  A howler monkey (D)
  An orc priest (D)
  2 hounds (D)
  An iguana (D)
  7 orc wizards (D)
  A white imp (D)
  An ufetubus (D)
  10 orcs (D)
  An endoplasm (D)
  2 giant cockroaches (D)
  A quokka (D)
  A ball python (D)
516 creatures vanquished.

Vanquished Creatures (collateral kills)
  A lich (D)
  An acid blob (D)
  An azure jelly (D)
3 creatures vanquished.

Vanquished Creatures (others)
  A shadow dragon (D)
  A draconian shifter (D)
  An ice dragon (D)
  A lurking horror (D)
4 creatures vanquished.

Grand Total: 523 creatures vanquished

Notes
Turn   | Place    | Note
-------+----------+-------------------------------------------
     0 | D        | Kingsmith the Gargoyle Fighter began the quest for the Orb.
     0 | D        | Reached XP level 1. HP: 14/14 MP: 1/1
    68 | D        | Noticed a hound
    68 | D        | Noticed a hound
    68 | D        | Noticed an orc wizard
    68 | D        | Noticed an iguana
    75 | D        | Killed an iguana
    76 | D        | Reached skill level 5 in Armour
    76 | D        | Reached XP level 2. HP: 9/20 MP: 2/2
    76 | D        | Reached XP level 3. HP: 11/25 MP: 3/3
    95 | D        | Reached skill level 5 in Fighting
    95 | D        | Reached skill level 5 in Shields
    95 | D        | Reached XP level 4. HP: 15/31 MP: 4/4
   105 | D        | Reached XP level 5. HP: 14/37 MP: 5/5
   119 | D        | Found a snail-covered altar of Cheibriados.
   119 | D        | Found a shadowy altar of Dithmenos.
   119 | D        | Found a white marble altar of Elyvilon.
   119 | D        | Found a blossoming altar of Fedhas.
   119 | D        | Found an opulent altar of Gozag.
   120 | D        | Found a hazy altar of Hepliaklqana.
   121 | D        | Found a viscous altar of Jiyva.
   122 | D        | Found an ancient bone altar of Kikubaaqudgha.
   123 | D        | Became a worshipper of Cheibriados the Contemplative
   124 | D        | Found a corrupted altar of Lugonu.
   125 | D        | Found a burning altar of Makhleb.
   126 | D        | Found a sparkling altar of Nemelex Xobeh.
   127 | D        | Found an iron altar of Okawaru.
   128 | D        | Found a stormy altar of Qazlal.
   129 | D        | Found a sacrificial altar of Ru.
   130 | D        | Found a shimmering blue altar of Sif Muna.
   131 | D        | Found a bloodstained altar of Trog.
   132 | D        | Found a hide-covered altar of Uskayaw.
   133 | D        | Found a radiant altar of Vehumet.
   134 | D        | Found an ornate altar of the Wu Jian Council.
   135 | D        | Found a shimmering altar of Xom.
   136 | D        | Found a basalt altar of Yredelemnul.
   137 | D        | Found a glowing silver altar of Zin.
   138 | D        | Found a glowing golden altar of the Shining One.
   191 | D        | Noticed a yak
   191 | D        | Noticed a wyvern
   191 | D        | Noticed a steam dragon
   191 | D        | Noticed a vampire mosquito
   202 | D        | Killed a vampire mosquito
   203 | D        | Reached skill level 5 in Maces & Flails
   203 | D        | Reached XP level 6. HP: 35/45 MP: 6/6
   206 | D        | Killed a steam dragon
   206 | D        | Reached * piety under Cheibriados
   207 | D        | Reached skill level 10 in Fighting
   216 | D        | Killed a wyvern
   217 | D        | Reached XP level 7. HP: 45/53 MP: 7/7
   217 | D        | Reached ** piety under Cheibriados
   230 | D        | Killed a yak
   255 | D        | Noticed a troll
   255 | D        | Noticed a two-headed ogre
   255 | D        | Noticed a meliai
   255 | D        | Noticed a cyclops
   262 | D        | Killed a cyclops
   262 | D        | Reached *** piety under Cheibriados
   263 | D        | Reached XP level 8. HP: 58/62 MP: 1/8
   268 | D        | Killed a meliai
   269 | D        | Reached skill level 10 in Armour
   278 | D        | Killed a two-headed ogre
   279 | D        | Reached skill level 10 in Shields
   279 | D        | Reached XP level 9. HP: 31/69 MP: 3/9
   288 | D        | Killed a troll
   288 | D        | Reached **** piety under Cheibriados
   545 | D        | Noticed a cane toad
   548 | D        | Reached skill level 1 in Invocations
   558 | D        | Killed a cane toad
   567 | D        | Reached skill level 10 in Maces & Flails
   570 | D        | Reached ***** piety under Cheibriados
   577 | D        | Noticed a komodo dragon
   583 | D        | Reached skill level 15 in Fighting
   585 | D        | Killed a komodo dragon
   586 | D        | Reached XP level 10. HP: 73/76 MP: 11/13
   703 | D        | Noticed an elephant
   708 | D        | Reached skill level 5 in Invocations
   708 | D        | Reached ****** piety under Cheibriados
   716 | D        | Killed an elephant
   785 | D        | Noticed a death yak
   785 | D        | Noticed a death yak
   788 | D        | Noticed a death yak
   789 | D        | Noticed a death yak
   790 | D        | Killed a death yak
   793 | D        | Reached XP level 11. HP: 84/84 MP: 5/16
   795 | D        | Killed a death yak
   801 | D        | Killed a death yak
   809 | D        | Killed a death yak
   932 | D        | Noticed Psyche
   937 | D        | Killed Psyche
  1084 | D        | Noticed an orc high priest
  1099 | D        | Killed an orc high priest
  1164 | D        | Found Ejua's Antique Armour Boutique.
  1164 | D        | Noticed an ogre mage
  1164 | D        | Noticed a deep troll
  1164 | D        | Noticed a deep troll
  1164 | D        | Noticed a stone giant
  1168 | D        | Killed a deep troll
  1168 | D        | Killed a deep troll
  1168 | D        | Killed an ogre mage
  1169 | D        | Reached skill level 10 in Invocations
  1169 | D        | Noticed an ogre mage
  1170 | D        | Found Akomu's Book Shop.
  1170 | D        | Noticed an ogre mage
  1171 | D        | Killed a stone giant
  1172 | D        | Reached XP level 12. HP: 51/93 MP: 2/19
  1173 | D        | Found Uqaunn's Armour Boutique.
  1177 | D        | Killed an ogre mage
  1178 | D        | Killed an ogre mage
  1179 | D        | Reached skill level 15 in Armour
  1179 | D        | Reached skill level 15 in Shields
  1193 | D        | Noticed a stone giant
  1194 | D        | Found Fupp's Jewellery Shop.
  1207 | D        | Killed a stone giant
  1415 | D        | Bought a ring of see invisible for 195 gold pieces
  1439 | D        | Bought runed acid dragon scales for 946 gold pieces
  1513 | D        | Noticed Maurice
  1517 | D        | Noticed Erica
  1521 | D        | Killed Maurice
  1526 | D        | Killed Erica
  1776 | D        | Noticed a tengu warrior
  1778 | D        | Noticed a fire dragon
  1779 | D        | Noticed a rakshasa
  1781 | D        | Killed a tengu warrior
  1783 | D        | Noticed an ice dragon
  1784 | D        | Noticed a stone giant
  1784 | D        | Noticed a tengu warrior
  1790 | D        | Killed a fire dragon
  1797 | D        | Killed a rakshasa
  1800 | D        | Noticed a fire dragon
  1804 | D        | Killed an ice dragon
  1812 | D        | Killed a stone giant
  1813 | D        | Reached skill level 15 in Maces & Flails
  1813 | D        | Reached XP level 13. HP: 68/104 MP: 4/20
  1823 | D        | Killed a fire dragon
  2205 | D        | Noticed Erolcha
  2218 | D        | Killed Erolcha
  2276 | D        | Noticed an eleionoma
  2290 | D        | Noticed an eleionoma
  2301 | D        | Killed an eleionoma
  2305 | D        | Killed an eleionoma
  2422 | D        | Reached skill level 5 in Evocations
  2517 | D        | Noticed a ghost moth
  2517 | D        | Noticed a ghost moth
  2530 | D        | Killed a ghost moth
  2531 | D        | Reached skill level 10 in Evocations
  2543 | D        | Killed a ghost moth
  2560 | D        | Gained mutation: Your large and strong wings let you fly.
                  | [Gargoyle growth]
  2560 | D        | Reached XP level 14. HP: 108/114 MP: 2/21
  2795 | D        | Noticed Agnes
  2809 | D        | Killed Agnes
  2960 | D        | Noticed Azrael
  2972 | D        | Killed Azrael
  2992 | D        | Noticed Aizul
  3004 | D        | Killed Aizul
  3071 | D        | Noticed a fire giant
  3076 | D        | Noticed a frost giant
  3079 | D        | Killed a fire giant
  3084 | D        | Noticed a stone giant
  3088 | D        | Killed a frost giant
  3089 | D        | Noticed a stone giant
  3094 | D        | Killed a stone giant
  3097 | D        | Killed a stone giant
  3375 | D        | Noticed a dire elephant
  3375 | D        | Noticed an ironbound preserver
  3381 | D        | Killed an ironbound preserver
  3383 | D        | Noticed a dire elephant
  3389 | D        | Killed a dire elephant
  3390 | D        | Reached XP level 15. HP: 116/125 MP: 2/22
  3393 | D        | Noticed a sphinx
  3407 | D        | Killed a sphinx
  3410 | D        | Noticed an orc warlord
  3426 | D        | Killed an orc warlord
  3436 | D        | Reached skill level 27 in Fighting
  3443 | D        | Noticed a sphinx
  3449 | D        | Noticed a vault warden
  3458 | D        | Killed a sphinx
  3466 | D        | Killed a vault warden
  3788 | D        | Noticed a nagaraja
  3788 | D        | Noticed a nagaraja
  3788 | D        | Noticed a nagaraja
  3790 | D        | Noticed a nagaraja
  3796 | D        | Noticed a nagaraja
  3798 | D        | Killed a nagaraja
  3800 | D        | Killed a nagaraja
  3802 | D        | Killed a nagaraja
  3805 | D        | Killed a nagaraja
  3806 | D        | Noticed a nagaraja
  3815 | D        | Killed a nagaraja
  3833 | D        | Killed a nagaraja
  3848 | D        | Got a serpentine rune of Zot
  4007 | D        | Noticed Ilsuiw
  4066 | D        | Killed Ilsuiw
  4070 | D        | Got a barnacled rune of Zot
  4280 | D        | Reached XP level 16. HP: 131/133 MP: 2/23
  4318 | D        | Got a decaying rune of Zot
  4399 | D        | Got a gossamer rune of Zot
  4556 | D        | Noticed a tengu reaver
  4557 | D        | Noticed Sojobo
  4559 | D        | Noticed a tengu reaver
  4562 | D        | HP: 5/129 [tengu reaver/bolt of cold[Sojobo] (54)]
  5174 | D        | Noticed a golden dragon
  5175 | D        | Noticed a tengu reaver
  5179 | D        | Killed a tengu reaver
  5183 | D        | Killed a golden dragon
  5187 | D        | Noticed a shadow dragon
  5190 | D        | Noticed a tengu reaver
  5192 | D        | Noticed a shadow dragon
  5211 | D        | Killed a shadow dragon
  5212 | D        | Reached skill level 27 in Armour
  5212 | D        | Reached skill level 27 in Shields
  5212 | D        | Identified the +4 ring mail "Deoskamo" {rC+ rCorr}
  5216 | D        | Killed a tengu reaver
  5217 | D        | Noticed a tengu reaver
  5229 | D        | Killed a shadow dragon
  5237 | D        | Reached XP level 17. HP: 42/139 MP: 1/24
  5511 | D        | Found the +7 Singing Sword {vorpal, sonic wave}
  5511 | D        | Noticed a golden dragon
  5518 | D        | Killed a golden dragon
  5525 | D        | Reached skill level 27 in Maces & Flails
  5525 | D        | Reached skill level 1 in Dodging
  5525 | D        | Noticed a lich
  5537 | D        | Noticed a royal mummy
  5537 | D        | Noticed a deep elf master archer
  5537 | D        | Noticed an orb of fire
  5544 | D        | Killed a lich
  5546 | D        | Killed an orb of fire
  5547 | D        | Reached skill level 5 in Dodging
  5551 | D        | Killed a deep elf master archer
  5576 | D        | Killed a royal mummy
  5577 | D        | Reached skill level 15 in Invocations
  5583 | D        | Identified the +6 short sword of Cheibriados {vorpal, rElec
                  | Int+7 Stlth+}
  5585 | D        | Got a silver rune of Zot
  6456 | D        | Killed Sojobo
  8163 | D        | Noticed Frederick
  8164 | D        | Noticed Mennas
  8169 | D        | Killed Mennas
  8175 | D        | Killed Frederick
  8341 | D        | Got the ring of the Three Knaves {+Blink Will+ Str+6 Dex+3}
  8345 | D        | Got the amulet of Talestra {Faith rPois Regen+ Int-4}
  8347 | D        | Got the amulet "Fuxyisme" {Faith MP+9 Str+4 Stlth-}
  8349 | D        | Got the amulet of Saerram {Spirit rC+}
  8351 | D        | Got the ring "Roghokh" {Fly rCorr Int+4}
  8388 | D        | Got the +0 cloak of Hairiness {-Cast rN++ rCorr}
  8526 | D        | Noticed Xtahua
  8531 | D        | Killed Xtahua
  8549 | D        | Noticed Mara
  8551 | D        | Noticed Margery
  8562 | D        | Noticed Kingsmith's illusion
  8563 | D        | Killed Margery
  8564 | D        | Reached skill level 10 in Dodging
  8602 | D        | Noticed Kingsmith's illusion
  8602 | D        | Killed Mara
  8747 | D        | Noticed Jory
  8765 | D        | Killed Jory
  8828 | D        | Reached XP level 18. HP: 127/145 MP: 20/33
  8880 | D        | Noticed a golden dragon
  8886 | D        | Killed a golden dragon
  8893 | D        | Noticed a bone dragon
  8916 | D        | Killed a bone dragon
  9514 | D        | Noticed a golden dragon
  9517 | D        | Noticed a tentacled monstrosity
  9530 | D        | Killed a golden dragon
  9534 | D        | Killed a tentacled monstrosity
  9543 | D        | Noticed a curse toe
  9557 | D        | Reached skill level 27 in Invocations
  9558 | D        | Reached skill level 15 in Dodging
  9569 | D        | Killed a curse toe
  9881 | D        | Noticed an Orb Guardian
  9881 | D        | Noticed an Orb Guardian
  9881 | D        | Noticed an Orb Guardian
  9881 | D        | Noticed an Orb Guardian
  9881 | D        | Noticed an Orb Guardian
  9881 | D        | Noticed an Orb Guardian
  9884 | D        | Killed an Orb Guardian
  9885 | D        | Killed an Orb Guardian
  9886 | D        | Noticed an Orb Guardian
  9887 | D        | Killed an Orb Guardian
  9888 | D        | Noticed an Orb Guardian
  9889 | D        | Killed an Orb Guardian
  9892 | D        | Killed an Orb Guardian
  9893 | D        | Killed an Orb Guardian
  9894 | D        | Noticed an Orb Guardian
  9898 | D        | Killed an Orb Guardian
  9906 | D        | Killed an Orb Guardian
  9912 | D        | Killed an Orb Guardian
  9913 | D        | Noticed an Orb Guardian
  9920 | D        | Killed an Orb Guardian
  9935 | D        | Noticed an Orb Guardian
  9935 | D        | Noticed an Orb Guardian
  9935 | D        | Noticed a quicksilver dragon
  9935 | D        | Noticed a curse toe
  9936 | D        | Noticed an Orb Guardian
  9937 | D        | Noticed an Orb Guardian
  9946 | D        | Killed a curse toe
  9948 | D        | Killed a quicksilver dragon
  9949 | D        | Reached XP level 19. HP: 134/151 MP: 31/36
  9978 | D        | Noticed an ancient lich
  9990 | D        | Killed an ancient lich
  9993 | D        | Noticed an orb of fire
  9993 | D        | Gained mutation: Your spells are a little easier to cast,
                  | but a little less powerful. [an orb of fire]
 10001 | D        | Killed an orb of fire
 10021 | D        | Noticed an electric golem
 10047 | D        | Killed an electric golem
 10057 | D        | Noticed a curse toe
 10057 | D        | Noticed an orb of fire
 10063 | D        | Killed an orb of fire
 10064 | D        | Noticed an ancient lich
 10065 | D        | Noticed an orb of fire
 10068 | D        | Killed a curse toe
 10072 | D        | Noticed an orb of fire
 10075 | D        | Killed an ancient lich
 10076 | D        | Reached skill level 27 in Dodging
 10076 | D        | Reached skill level 5 in Polearms
 10082 | D        | Killed an orb of fire
 10083 | D        | Reached skill level 10 in Polearms
 10085 | D        | Gained mutation: You are frail. (-10% HP) [an orb of fire]
 10088 | D        | Noticed a golden dragon
 10090 | D        | Killed an orb of fire
 10098 | D        | Killed a golden dragon
 10302 | D        | Reached skill level 15 in Polearms
 13125 | D        | Fell from the grace of Cheibriados
 13125 | D        | Became a worshipper of the Shining One
 14780 | D        | Reached * piety under the Shining One
 14780 | D        | Reached ** piety under the Shining One
 14783 | D        | Reached *** piety under the Shining One
 14785 | D        | Noticed an ancient lich
 14790 | D        | Reached **** piety under the Shining One
 14805 | D        | Killed an ancient lich
 14805 | D        | Reached ***** piety under the Shining One
 14806 | D        | Reached XP level 20. HP: 141/141 MP: 37/37
 14926 | D        | Reached ****** piety under the Shining One
 14958 | D        | Noticed a Brimstone Fiend
 15034 | D        | Got an elven rune of Zot
 16648 | D        | Identified a +9 sacred scourge of holy wrath (a +7 demon
                  | whip of freezing blessed by the Shining One)
 16648 | D        | Received a gift from the Shining One
 18292 | D        | Reached skill level 27 in Polearms
 18292 | D        | Paralysed by a floating eye for 3 turns
 18297 | D        | Reached skill level 5 in Stealth
 18511 | D        | Noticed the Royal Jelly
 18516 | D        | Reached skill level 10 in Stealth
 18554 | D        | Killed the Royal Jelly
 18573 | D        | Paralysed by a floating eye for 2 turns
 18611 | D        | Got a slimy rune of Zot
 18863 | D        | Noticed a royal mummy
 18863 | D        | Noticed a royal mummy
 18870 | D        | Noticed a royal mummy
 18880 | D        | Killed a royal mummy
 18881 | D        | Reached skill level 27 in Stealth
 18881 | D        | Reached skill level 5 in Unarmed Combat
 18882 | D        | Noticed a royal mummy
 18893 | D        | Killed a royal mummy
 18918 | D        | Killed a royal mummy
 18919 | D        | Reached XP level 21. HP: 45/146 MP: 38/38
 18925 | D        | Killed a royal mummy
 18989 | D        | Got a golden rune of Zot
 19483 | D        | Was forgiven by Cheibriados
 20920 | D        | Lost mutation: Your spells are a little easier to cast, but
                  | a little less powerful. [potion of mutation]
 20920 | D        | Lost mutation: You are frail. (-10% HP) [potion of
                  | mutation]
 20920 | D        | Gained mutation: Your muscles are strong. (Str +4, Int/Dex
                  | -1) [potion of mutation]
 20920 | D        | Gained mutation: Your muscles are very strong. (Str +8,
                  | Int/Dex -2) [potion of mutation]
 20920 | D        | Gained mutation: You are frail. (-10% HP) [potion of
                  | mutation]
 20920 | D        | Gained mutation: You are agile. (Dex +4, Str/Int -1)
                  | [potion of mutation]
 22617 | D        | Got an abyssal rune of Zot
 22741 | D        | Noticed Geryon
 22748 | D        | Killed Geryon
 22749 | D        | Reached skill level 15 in Unarmed Combat
 22750 | D        | Found the +7 sceptre of Asmodeus
 22750 | D        | Noticed Asmodeus
 22750 | D        | Found the +4 staff of Dispater
 22750 | D        | Noticed Dispater
 22752 | D        | Noticed Gloorx Vloq
 22759 | D        | Killed from afar by a hellion

Illustrated notes

Levels and vault maps discovered:
D:        linesprint [early_d, line_temple, items_1, d_10, items_2, lair_1,
          lair_end, items_3, orc_1, orc_end, items_4, d_15, swamp_1, shoals_1,
          snake_1, spider_1, d_20, vaults_1, items_5, swamp_end, shoals_end,
          snake_end, spider_end, vaults_end, d_27, items_6, zot_1, zot_end,
          crypt_end, forest_end, elf_end, slime_end, tomb_end, abyss_end,
          pan_hell_end]

Skill      XL: |  1  2  3  4  5  6  7  8  9 10 11 12 13 14 15 16 17 18 19 20 21 |
---------------+----------------------------------------------------------------+-----
Armour         | 5 6 7 8 9 10 12 13 14 16 17 20 23 27 | 27.0
Fighting       | 4 5 6 8 10 12 14 15 16 18 21 23 26 27 | 27.0
Maces & Flails | 3 4 5 6 8 9 10 11 13 15 16 18 21 25 27 | 27.0
Shields        | 4 5 7 8 9 10 11 13 14 16 17 20 23 27 | 27.0
Invocations    | 4 6 10 23 27 | 27.0
Evocations     | 10 | 10.0
Dodging        | 12 23 27 | 27.0
Polearms       | 22 27 | 27.0
Stealth        | 27 | 27.0
Unarmed Combat | 11 15 | 15.0

Action                   |  1- 3 |  4- 6 |  7- 9 | 10-12 | 13-15 | 16-18 | 19-21 || total
-------------------------+-------+-------+-------+-------+-------+-------+-------++-------
Melee: Flail             |    36 |    12 |       |       |       |       |       ||    48
       Morningstar       |       |    24 |    87 |   109 |       |       |       ||   220
       Demon whip        |       |       |       |    30 |   325 |   599 |   137 ||  1091
       Trishula          |       |       |       |       |       |       |   174 ||   174
       Sacred scourge    |       |       |       |       |       |       |   308 ||   308
Invok: Bend Time         |       |       |     4 |       |       |       |       ||     4
       Slouch            |       |       |       |    20 |    41 |    50 |    11 ||   122
       Temporal Distorti |       |       |       |       |       |     1 |     2 ||     3
       Step From Time    |       |       |       |       |       |     1 |       ||     1
       Cleansing Flame   |       |       |       |       |       |       |     3 ||     3
       Summon Divine War |       |       |       |       |       |       |     5 ||     5
       Divine Shield     |       |       |       |       |       |       |     2 ||     2
       Brand Weapon With |       |       |       |       |       |       |     1 ||     1
 Abil: Evoke Blink       |       |       |       |       |       |       |     1 ||     1
  Use: Potion            |     3 |     1 |     1 |     1 |     2 |     7 |     4 ||    19
       Scroll            |       |       |     2 |     6 |     4 |       |       ||    12
Armor: Scale mail        |    20 |     6 |       |       |       |       |       ||    26
       Chain mail        |       |    21 |    59 |    22 |       |       |       ||   102
       Plate armour      |       |       |       |    53 |   140 |   162 |   159 ||   514
       Troll leather arm |       |       |       |     1 |       |       |       ||     1
Dodge: Dodged            |     6 |    23 |    30 |    46 |    51 |   118 |   163 ||   437
Block: Buckler           |     8 |    14 |    27 |    37 |       |       |       ||    86
       Tower shield      |       |       |       |    40 |   336 |   513 |   482 ||  1371

Table legend: (Time is in decaauts) A = Elapsed time spent in this place. B = Non-inter-level travel time spent in this place. C = Inter-level travel time spent in this place. D = Time resting spent in this place. E = Time spent auto-exploring this place. F = Levels seen in this place. G = Mean time per level. A B C D E F G +--------+--------+--------+--------+--------+-----+--------+ Total | 35415 | 12181 | 23234 | 3615 | 1197 | 1 | 35415.0 | Dungeon | 35415 | 12181 | 23234 | 3615 | 1197 | 1 | 35415.0 | +--------+--------+--------+--------+--------+-----+--------+

Top non-repeatable levels by time:
       D: 35415 daAuts
